AoeStats
← Vandolph

Arabia

503330514Analyzed
1v1 RM · 1mo ago on Aug 31, 2026· 42m 43s· 2 players
Game mode
Random Map
Map size
Tiny (2 player)
Population
200
Speed
Normal
Resources
Standard
Victory
Conquest
Starting age
Dark Age
Ending age
Imperial Age
RankedLock teamsTeams togetherTeam positionsShared explorationLock speedFull tech treeHidden civsTurbo modeCheats
Victory
Defeat
🇲🇽 Wei · Mexico
971
+15
🇺🇸 Shu · United States
956
-44
Vandolph
14:11 Feudal Age
17:44 Loom
20:36 Castle Age
21:39 Wheelbarrow
21:52 Pikeman
23:07 Arson
24:31 Hand Cart
26:35 Double-Bit Axe
34:32 Imperial Age
33:55 Horse Collar
38:50 Halberdier
41:37 Heavy Hei Guang Cavalry
42:18 Husbandry
Liv carlosa
7:31 Loom
10:19 Feudal Age
10:48 Double-Bit Axe
10:45 Horse Collar
13:34 Bloodlines
19:09 Wheelbarrow
22:04 Castle Age
20:58 Gold Mining
22:31 Scale Barding Armor
22:36 Forging
23:18 Bow Saw
23:59 Gold Shaft Mining
23:27 Heavy Plow
23:56 Chain Barding Armor
23:39 Husbandry
27:04 Iron Casting
27:00 Hand Cart
27:37 Stone Mining
34:51 Imperial Age
34:52 Tuntian
37:07 Blast Furnace
36:44 Ming Guang Armor
36:16 Heavy Hei Guang Cavalry
Connection lost

Rejoining the realm…

Still unreachable

The connection could not be restored.

Session expired

The server has moved on; the page needs a fresh start.